 Seeded DCSS version 0.25-a0-1004-g47ef49a (webtiles) character file.

Game seed: 6431695635927419459, levelgen mode: deterministic

103 TheOrbIsALie the Skirmisher (level 4, -1/38 HPs)
             Began as a Mummy Gladiator on May 11, 2020.
             Killed by divine providence
             ... invoked by an orc priest
              (12 damage)
             ... on level 2 of the Dungeon.
             The game lasted 00:04:08 (2569 turns).

TheOrbIsALie the Skirmisher (Mummy Gladiator)       Turns: 2569, Time: 00:04:12

Health: -1/38      AC: 10    Str: 17    XL:     4   Next: 51%
Magic:  4/4        EV:  4    Int:  8    God:
Gold:   125        SH:  7    Dex: 13    Spells: 3/3 levels left

rFire    x . .     SeeInvis .   a - +0 war axe
rCold    + . .     Gourm    .   k - +0 kite shield
rNeg     + + +     Faith    .   j - +0 chain mail (curse)
rPois    ∞         Spirit   .   c - +0 helmet
rElec    .         Reflect  .   (no cloak)
rCorr    .         Harm     .   (no gloves)
MR       .....                  h - +0 pair of boots
Stlth    ..........             (no amulet)
HPRegen  0.12/turn              (no ring)
MPRegen  0.09/turn              (no ring)

@: no status effects
A: no food or potions, fire vulnerability, cold resistance 1, negative energy
resistance 3, torment resistance, unbreathing
a: no special abilities


You were on level 2 of the Dungeon.
You were not hungry.

You visited 1 branch of the dungeon, and saw 3 of its levels.

You collected 125 gold pieces.

Inventory:

Hand Weapons
 a - a +0 war axe (weapon)
Missiles
 d - 3 throwing nets (quivered)
Armour
 b - a +0 leather armour
 c - a +0 helmet (worn)
 h - a +0 pair of boots (worn)
 j - a cursed +0 chain mail (worn)
 k - a +0 kite shield (worn)
Scrolls
 e - 5 scrolls of remove curse {unknown}
 f - 2 scrolls of teleportation {unknown}
 g - 3 scrolls of amnesia {unknown}
 i - 2 scrolls of identify {unknown}
 l - a scroll of fog {unknown}


   Skills:
 + Level 4.8 Fighting
 - Level 2.4 Axes
 - Level 1.5 Throwing
 - Level 2.4 Dodging


You had 3 spell levels left.
You didn't know any spells.
Your spell library was empty.

Dungeon Overview and Level Annotations

Branches:
Dungeon (3/15)

Altars:
The Shining One


Innate Abilities, Weirdness & Mutations

You do not eat or drink.
Your flesh is vulnerable to fire.
You are immune to poison.
Your flesh is cold resistant. (rC+)
You are immune to negative energy. (rN+++)
You are immune to unholy pain and torment.
You can survive without breathing.


Message History

The orc priest is severely wounded.
You block the orc priest's attack.
You hit the orc priest.
The orc priest is almost dead.
You block the orc priest's attack.
You closely miss the orc priest.
The orc priest is almost dead.
The orc priest hits you but does no damage.
You block the orc priest's attack.
You hit the orc priest but do no damage.
The orc priest is almost dead.
You block the orc priest's attack.
You hit the orc priest but do no damage.
The orc priest is almost dead.
The orc priest invokes the aid of Beogh against you.
Beogh smites you!
* * * LOW HITPOINT WARNING * * *
The orc priest invokes the aid of Beogh against you.
Beogh smites you!
You die...

#.#################
#############.# ########
#....)....!...# #.......
#.######.#.#############.......
#.# #.#.#.............######
#.# #.#.#.#.########..# #.#
#.#...#...######..#
#.######...#####.........#
#.##.........#@..>.......#
#.##.###.#.#.#o##.####...#
#.##.###.#.#...##.# #..#######
#.##..##.#.##.###.####..# #....
#..........##.........%.# #.###
#####.##.########.####..# #.#
#.##.########.# #.(# #.#
#.##........!.# #..# #.#
#.#####..###### #..# #.#


You could see an orc priest.

Vanquished Creatures
  3 adders
  A worm (D:3)
  A dart slug (D:2)
  2 leopard geckos
  4 orcs (D:3)
  10 bats
  4 giant cockroaches
  7 goblins
  4 hobgoblins
  3 jackals (D:2)
  A quokka (D:2)
  A ball python (D:3)
  5 frilled lizards
  9 kobolds
  6 rats
61 creatures vanquished.

Notes
Turn   | Place    | Note
-------+----------+-------------------------------------------
     0 | D:1      | TheOrbIsALie the Mummy Gladiator began the quest for the
                  | Orb.
     0 | D:1      | Reached XP level 1. HP: 16/16 MP: 1/1
   420 | D:1      | Reached XP level 2. HP: 23/23 MP: 2/2
   547 | D:1      | Reached skill level 3 in Fighting
  1288 | D:2      | Reached XP level 3. HP: 28/29 MP: 3/3
  1618 | D:2      | Reached skill level 4 in Fighting
  1719 | D:2      | Found a glowing golden altar of the Shining One.
  2033 | D:3      | Reached XP level 4. HP: 38/38 MP: 4/4
  2569 | D:2      | Killed from afar by an orc priest

Illustrated notes

Levels and vault maps discovered:
D:1:      dpeg_arrival_subterranean_lakeside_camping, layout_loops_ring,
          chequers_serial_rivers_micro_c
D:2:      layout_loops_ring, tso_oasis_becter, kennysheep_generic_room_10
D:3:      layout_rooms, first_ration

Skill      XL: |  1  2  3 |
---------------+----------+-----
Fighting       | 3 4 |  4.8
Axes           | |  2.4
Throwing       | |  1.5
Dodging        | |  2.4

Action                   |  1- 3 |  4- 6 || total
-------------------------+-------+-------++-------
Melee: War axe           |   153 |    70 ||   223
 Stab: Distracted        |     1 |       ||     1
Armor: Leather armour    |    64 |     4 ||    68
       Chain mail        |       |    23 ||    23
Dodge: Dodged            |   144 |    25 ||   169
Block: Kite shield       |       |    21 ||    21

Table legend:
 A = Non-vault XP
 B = Vault XP
 C = Vault XP percentage of total XP
 D = Non-vault monster count
 E = Vault monster count
 F = Vault count percentage of total count
                 A         B        C        D         E       F
            +---------+---------+-------+---------+---------+-------
      Total |     134 |      14 |   9.5 |      53 |       8 |  13.1
            +---------+---------+-------+---------+---------+-------
        D:1 |      20 |      10 |  33.3 |      13 |       6 |  31.6
        D:2 |      59 |       4 |   6.3 |      19 |       2 |   9.5
        D:3 |      55 |       0 |   0.0 |      21 |       0 |   0.0
            +---------+---------+-------+---------+---------+-------
